 Dungeon Crawl Stone Soup version 0.31-a0-1529-g7bd419a0e5 (webtiles) character file.

Game seed: 12913894313979594947

128 graki42 the Insei (level 5, 0/34 HPs)
             Began as an Octopode Shapeshifter on Dec 31, 2023.
             Slain by an ice beast (1 damage)
             ... on level 4 of the Dungeon.
             The game lasted 00:05:00 (2117 turns).

graki42 the Insei (Octopode Shapeshifter)           Turns: 2117, Time: 00:05:01

Health: 0/34       AC:  1    Str: 13    XL:     5   Next: 12%
Magic:  5/5        EV: 13    Int: 13    God:
Gold:   177        SH:  0    Dex: 13    Spells: 4/4 levels left

rFire   . .          .
                       - Unarmed
rCold   . . .        (no shield)
rNeg    . . .        (helmet currently unavailable)
rPois   .            (no amulet)
rElec   .            (no ring)
rCorr   .            (no ring)
SInv    .            (no ring)
Will    .....        (no ring)
Stlth   +++          (no ring)
HPRegen 0.25/turn    (no ring)
MPRegen 0.09/turn    (no ring)
                     (no ring)

%: no passive effects
@: beast-form
A: beast (slay +2), almost no armour, amphibious, 8 rings, camouflage 1,
gelatinous body 1, (nimble swimmer 1), tentacles
a: Begin Untransformation


You were on level 4 of the Dungeon.
You were a hulking beast.
You visited 1 branch of the dungeon, and saw 4 of its levels.

You collected 177 gold pieces.

Inventory:

Missiles
 m - 6 poisoned darts
Talismans
 b - a beast talisman
 c - a flux talisman
Scrolls
 h - 2 scrolls of enchant armour
 i - a scroll of brand weapon
Potions
 a - a potion of lignification
 d - a potion of heal wounds {unknown}
 e - 3 potions of curing
 f - a potion of berserk rage
 g - a potion of enlightenment
 j - a potion of magic {unknown}
 k - a potion of might {unknown}


   Skills:
 + Level 2.2 Fighting
 + Level 2.8 Dodging
 + Level 2.6 Stealth
 + Level 3.6 Unarmed Combat
 + Level 3.5 Shapeshifting


You had 4 spell levels left.
You didn't know any spells.
Your spell library contained the following spells:

 Spells                   Type           Power      Damage    Failure   Level
 Ozocubu's Armour         Ice            0%         N/A       67%         3
 Metabolic Englaciation   Hex/Ice        0%         N/A       100%        5
 Sculpt Simulacrum        Ice/Alch       0%         N/A       100%        6


Dungeon Overview and Level Annotations

Branches:
Dungeon (4/15)
 Temple: D:4-7

Altars:

Shops:
D:3 :


Innate Abilities, Weirdness & Mutations

You are a hulking beast.
Your limbs bulge with bestial killing power. (Slay +2)
You cannot wear most types of armour.
You are amphibious.
You can wear up to eight rings at the same time.
Your skin changes colour to match your surroundings (Stealth+).
Your rubbery body absorbs attacks. (AC +1, EV +1)
((You are camouflaged when in or above water. (Stealth+)))
You have tentacles for arms and can constrict up to eight enemies at once.


Message History

No target in view!
There is an open door here.
An ice beast comes into view.
Found 7 stones.
You closely miss the ice beast. The ice beast barely misses you.
You tentacle-slap the ice beast.
The ice beast is lightly wounded.
You barely miss the ice beast.
The ice beast is lightly wounded.
The ice beast hits you. The ice beast freezes you.
You tentacle-slap the ice beast.
The ice beast is moderately wounded.
The ice beast closely misses you.
You tentacle-slap the ice beast but do no damage.
The ice beast is moderately wounded.
The ice beast misses you.
You barely miss the ice beast.
The ice beast is moderately wounded.
The ice beast barely misses you.
You tentacle-slap the ice beast.
The ice beast is moderately wounded.
The ice beast closely misses you.
You tentacle-slap the ice beast.
The ice beast is moderately wounded.
The ice beast hits you. The ice beast freezes you!
You are too injured to fight recklessly!
Unknown command.
You closely miss the ice beast.
The ice beast is moderately wounded.
The ice beast misses you.
You tentacle-slap the ice beast but do no damage.
The ice beast is moderately wounded.
The ice beast hits you.
* * * LOW HITPOINT WARNING * * *
The ice beast freezes you!
* * * LOW HITPOINT WARNING * * *
You barely miss the ice beast. You squeeze the ice beast.
The ice beast is heavily wounded.
The ice beast hits you.
You die...

##....## #......#
.. #......# ...
......# ....
#.....#
....##....#
.......Y..##
.......h...#
.....>.....# #
...........# .#
..........#####.#
....##....#.....#
..........#.....#
©.........'.....#
#######...#.....#
( ... #...#.....#


You could see an ice beast.

Vanquished Creatures
  Jessica (D:3)
  2 adders
  A dart slug (D:2)
  7 orcs
  A ribbon worm (D:3)
  6 bats
  10 endoplasms
  A giant cockroach (D:3)
  8 hobgoblins
  8 jackals
  5 quokkas
  3 ball pythons
  A frilled lizard (D:2)
  3 goblins
  7 kobolds
  A rat (D:2)
65 creatures vanquished.

Notes
Turn   | Place    | Note
-------+----------+-------------------------------------------
     0 | D:1      | graki42 the Octopode Shapeshifter began the quest for the
                  | Orb.
     0 | D:1      | Reached XP level 1. HP: 13/13 MP: 1/1
   116 | D:1      | Reached XP level 2. HP: 10/18 MP: 2/2
   118 | D:1      | Reached skill level 1 in Stealth
   301 | D:1      | Reached XP level 3. HP: 19/23 MP: 3/3
  1216 | D:2      | Reached XP level 4. HP: 21/29 MP: 4/4
  1594 | D:3      | Found Pobidd's Book Shoppe.
  1867 | D:3      | Noticed Jessica
  1885 | D:3      | Killed Jessica
  1886 | D:3      | Reached XP level 5. HP: 4/34 MP: 5/5
  1890 | D:3      | HP: 2/51 [orc/+0 flail (3)]
  2101 | D:4      | Noticed an ice beast
  2116 | D:4      | HP: 1/34 [ice beast (9)]
  2117 | D:4      | Slain by an ice beast

Illustrated notes

Levels and vault maps discovered:
D:1:      matt_arrival_grand_opening, layout_basic, serial_forest,
          infiniplex_forest_clump_cross, infiniplex_forest_straight_5,
          infiniplex_forest_clump_cross, infiniplex_forest_join,
          minmay_misc_feat_diagonals
D:2:      layout_basic, minmay_pentomino_p4
D:3:      layout_loops_ring, serial_shops, shop, uniq_jessica
D:4:      layout_gridville, amethyst_overflow_temple_binary,
          mainiacjoe_overflow_alcove_2, nicolae_ossuary_entry_false_entrances,
          gammafunk_ghost_mausoleum, uniq_edmund, uniq_natasha

Skill      XL: |  1  2  3  4 |
---------------+-------------+-----
Stealth        | 1 2 |  2.6
Fighting       | 2 |  2.2
Dodging        | |  2.8
Unarmed Combat | |  3.6
Shapeshifting  | |  3.5

Action                     |  1- 3 |  4- 6 || total
---------------------------+-------+-------++-------
  Melee: Unarmed           |    77 |    72 ||   149
         Constrict         |    17 |    10 ||    27
         Tentacles         |    12 |     9 ||    21
         Punch             |     1 |     1 ||     2
    Use: Scroll            |       |     5 ||     5
         Potion            |       |     1 ||     1
   Stab: Sleeping          |     8 |     4 ||    12
 Armour: Skin              |    31 |    48 ||    79
  Dodge: Dodged            |    34 |    33 ||    67

Table legend: (Time is in decaauts)
 A = Elapsed time spent in this place.
 B = Non-inter-level travel time spent in this place.
 C = Inter-level travel time spent in this place.
 D = Time resting spent in this place.
 E = Time spent auto-exploring this place.
 F = Levels seen in this place.
 G = Mean time per level.
                   A        B        C        D        E       F      G
               +--------+--------+--------+--------+--------+-----+--------+
         Total |   2107 |   2075 |     32 |    124 |   1556 |   4 |  526.8 |
       Dungeon |   2107 |   2075 |     32 |    124 |   1556 |   4 |  526.8 |
               +--------+--------+--------+--------+--------+-----+--------+

Top non-repeatable levels by time:
     D:2: 839 daAuts
     D:1: 704 daAuts
     D:3: 471 daAuts
     D:4: 92 daAuts
